Match 45409690
Unlisted

Match 45409690
End
Selects Airborne Battlegroup
Selects Pathfinders
Pathfinder Squad
Pathfinder Squad
Engineer Squad
Construct Weapon Support Center
Bazooka Squad
Infantry Support Center
M1919 Machine Gun Team
Selects Paratrooper Squad Paradrop
M3 Armored Personnel Carrier
Construct Medical Station
Paratrooper Squad Paradrop
Paratrooper Squad Paradrop
Advanced Logistics
Selects Anti-tank Gun Team Paradrop
Selects Recon Loiter
M3 Armored Personnel Carrier
Recon Loiter
Selects Supply Drop
Anti-tank Gun Team Paradrop
Construct Tank Depot
Recon Loiter
Selects Dual P-47 Rocket Strike
Dual P-47 Rocket Strike
M4(105) Sherman Bulldozer
Dual P-47 Rocket Strike
Skeng.Tecnica.International
N7 SHARK
Ermac
Xufe
0
0

Comments sign in to comment!

No comments posted yet!